 Dungeon Crawl Stone Soup version 0.28.0 (webtiles) character file.

Game seed: 6519847410579214362

2 Prodoman the Magician (level 1, 0/13 HPs)
             Began as a Demonspawn Hedge Wizard on Feb 4, 2022.
             Slain by a jackal (1 damage)
             ... on level 1 of the Dungeon.
             The game lasted 00:00:30 (321 turns).

Prodoman the Magician (Demonspawn Hedge Wizard)      Turns: 321, Time: 00:00:30

Health: 0/13       AC:  2    Str: 10    XL:     1   Next: 25%
Magic:  1/4        EV: 12    Int: 15    God:
Gold:   0          SH:  0    Dex: 12    Spells: 5/6 levels left

rFire   . . .      SeeInvis .   a - +0 dagger
rCold   . . .      Faith    .   (no shield)
rNeg    . . .      Spirit   .   b - +0 robe
rPois   .          Reflect  .   c - +0 hat
rElec   .          Harm     .   (no cloak)
rCorr   .          Rampage  .   (no gloves)
Will    .....                   (no boots)
Stlth   ++........              (no amulet)
HPRegen 0.04/turn               (no ring)
MPRegen 0.09/turn               (no ring)

@: no status effects
A: no striking features
a: no special abilities


You were on level 1 of the Dungeon.
You visited 1 branch of the dungeon, and saw 1 of its levels.

Inventory:

Hand Weapons
 a - a +0 dagger (weapon)
Armour
 b - a +0 robe (worn)
 c - a +0 hat (worn)
Potions
 d - a potion of ambrosia {unknown}


   Skills:
 + Level 1.8 Dodging
 + Level 1.8 Stealth
 + Level 3.0 Spellcasting
 + Level 1.0 Conjurations
 + Level 1.0 Summonings
 + Level 0.9 Translocations


You had 5 spell levels left.
You knew the following spells:

 Your Spells              Type           Power      Damage    Failure   Level
a - Magic Dart            Conj           20%        1d4       13%         1

Your spell library contained the following spells:

 Spells                   Type           Power      Damage    Failure   Level
 Slow                     Hex            8%         N/A       21%         1
 Blink                    Tloc           10%        N/A       21%         2
 Call Imp                 Summ           5%         N/A       21%         2
 Conjure Flame            Conj/Fire      3%         6-21      43%         3
 Mephitic Cloud           Conj/Pois/Air  3%         N/A       45%         3


Dungeon Overview and Level Annotations

Branches:
Dungeon (1/15)

Altars:


Message History

Aiming: Magic Dart (safe; 13% risk of failure)
Press: ? - help, Shift-Dir - straight line, f/p - jackal
Aim: a jackal (100% to hit)
The magic dart hits the jackal but does no damage.
A bat comes into view.
Casting: Magic Dart (safe; 13% risk of failure)
Confirm with . or Enter, or press ? or * to list all spells.
You don't have enough magic to cast this spell.
The jackal bites you.
Hit: a) +0 dagger
Press: ? - help, Dir - move target, f/p - jackal
Aim: a jackal (about 45% to evade your +0 dagger)
You barely miss the jackal. The jackal bites you.
A jackal comes into view.
Hit: a) +0 dagger
Press: ? - help, Dir - move target, f/p - jackal
Aim: a jackal (about 45% to evade your +0 dagger)
The jackal barks!
You hit the jackal but do no damage. The jackal closely misses you.
The jackal misses you.
Hit: a) +0 dagger
Press: ? - help, Dir - move target, f/p - jackal
Aim: a jackal (about 45% to evade your +0 dagger)
You barely miss the jackal. The goblin misses you.
The jackal closely misses you. The bat hits you.
Hit: a) +0 dagger
Press: ? - help, Dir - move target, f/p - jackal
Aim: a jackal (about 45% to evade your +0 dagger)
You hit the jackal but do no damage. The bat hits you but does no damage.
The jackal bites you but does no damage.
The jackal bites you. The goblin hits you with a +0 club.
* * * LOW HITPOINT WARNING * * *
Your magical contamination has completely faded away.
Hit: a) +0 dagger
Press: ? - help, Dir - move target, f/p - jackal
Aim: a jackal (about 45% to evade your +0 dagger)
You hit the jackal but do no damage. The bat hits you.
* * * LOW HITPOINT WARNING * * *
The jackal bites you.
You die...

#.# #.#.##.#####.##
#.# #.##)#......# .
#.# #..##.#######.
.. #.#
##..##.......# ..#
#.#
##..#########..#
#.# #...[........#
#.# ##.######..####
#.# ##.#.## ##b##
#.# ##.###.###@..##
#.#
#.##.....hhg......#
#.#
##.#.#.###hh.####.#
#.# ##..)## ...##
#.# ##.## #.##. #.#
#.# #. .. #.# #>#
#. .. #.######.# #.
... #........#


You could see 4 jackals, a goblin and a bat.

Vanquished Creatures
  A ball python (D:1)
  A rat (D:1)
2 creatures vanquished.

Notes
Turn   | Place    | Note
-------+----------+-------------------------------------------
     0 | D:1      | Prodoman the Demonspawn Hedge Wizard began the quest for
                  | the Orb.
     0 | D:1      | Reached XP level 1. HP: 13/13 MP: 4/4
   321 | D:1      | Slain by a jackal

Illustrated notes

Levels and vault maps discovered:
D:1:      evilmike_arrival_rings, layout_loops_ring,
          ebering_ecumenical_altar_petrified, chequers_jeans, st_stairs_10

Action                   || total
-------------------------++-------
Melee: Dagger            ||     8
 Cast: Magic Dart        ||     7
Armor: Robe              ||     2
Dodge: Dodged            ||     4
